AoeStats
← b站江条

Arabia

510183620Analyzed
1v1 RM · 1d ago on Sep 29, 2026· 52m 48s· 2 players
Game mode
Random Map
Map size
Tiny (2 player)
Population
200
Speed
Normal
Resources
Standard
Victory
Conquest
Starting age
Dark Age
Ending age
Imperial Age
RankedLock teamsTeams togetherTeam positionsShared explorationLock speedFull tech treeHidden civsTurbo modeCheats
Victory
Defeat
🇨🇳 Maya · China
1309
+18
🇨🇱 Vikings · Chile
1344
-18
b站江条
0:25 Loom
9:13 Feudal Age
9:55 Double-Bit Axe
14:24 Wheelbarrow
15:30 Fletching
21:18 Castle Age
19:46 Padded Archer Armor
21:22 Crossbowman
22:54 Bow Saw
22:39 Gold Mining
23:21 Bodkin Arrow
27:33 Hand Cart
27:07 Horse Collar
35:36 Leather Archer Armor
35:23 Heavy Plow
35:25 Stone Mining
38:21 Imperial Age
38:07 Thumb Ring
39:27 Conscription
38:29 Arbalester
40:19 Guilds
40:19 Bracer
41:08 Ballistics
42:59 Stone Shaft Mining
43:01 Crop Rotation
44:47 Chemistry
45:27 Ring Archer Armor
46:04 Two-Man Saw
46:16 Guilds
46:32 Scale Mail Armor
49:30 Holcans
49:17 Chain Mail Armor
49:12 Forging
50:35 Plate Mail Armor
49:48 Eagle Warrior
51:13 Hoardings
50:21 Treadmill Crane
50:45 Squires
50:52 Town Watch
52:45 Elite Eagle Warrior
[Legacy] Duartinho
6:15 Loom
9:13 Feudal Age
9:46 Double-Bit Axe
11:26 Fletching
18:31 Horse Collar
22:37 Castle Age
21:36 Padded Archer Armor
22:20 Gold Mining
22:39 Elite Skirmisher
23:17 Bodkin Arrow
24:07 Leather Archer Armor
25:25 Man-at-Arms
28:06 Squires
28:08 Scale Mail Armor
28:57 Town Watch
32:28 Ballistics
32:59 Bow Saw
32:54 Crossbowman
37:46 Arson
38:18 Stone Mining
39:03 Gold Shaft Mining
39:23 Chain Mail Armor
40:21 Heavy Plow
45:15 Imperial Age
45:59 Bracer
47:00 Chemistry
46:47 Ring Archer Armor
Connection lost

Rejoining the realm…

Still unreachable

The connection could not be restored.

Session expired

The server has moved on; the page needs a fresh start.